 Dungeon Crawl Stone Soup version 0.29.0-3-gbb0933ed62 (webtiles) character file.

Game seed: 8537109304891003305

1598 1player the Covert (level 8, -6/44 HPs)
             Began as a Vine Stalker Brigand on Aug 25, 2022.
             Was a Follower of Wu Jian.
             Mangled by a komodo dragon (25 damage)
             ... on level 6 of the Dungeon.
             The game lasted 00:25:50 (4899 turns).

1player the Covert (Vine Stalker Brigand)           Turns: 4899, Time: 00:25:51

Health: -6/44      AC:  8    Str: 14    XL:     8   Next: 93%
Magic:  0/9        EV: 11    Int: 11    God:    Wu Jian [*.....]
Gold:   258        SH:  0    Dex: 18    Spells: 7/7 levels left

rFire   . . .      SeeInvis +   a - +2 dagger
rCold   . . .      Faith    .   (no shield)
rNeg    . . .      Spirit   +   f - +0 leather armour
rPois   .          Reflect  .   (no helmet)
rElec   .          Harm     .   c - +0 cloak
rCorr   .          Rampage  .   u - +2 pair of gloves
Will    +....                   w - +0 pair of boots
Stlth   ++++......              (no amulet)
HPRegen 0.94/turn               g - ring of see invisible
MPRegen 0.11/turn               (no ring)

@: no status effects
A: fangs 3, regeneration 1, magic shield, antimagic bite, no potion heal 2
a: Renounce Religion


You were on level 6 of the Dungeon.
You worshipped Wu Jian.
Wu Jian was aware of your devotion.
You visited 1 branch of the dungeon, and saw 6 of its levels.

You collected 258 gold pieces.

Inventory:

Hand Weapons
 a - a +2 dagger (weapon)
Missiles
 d - 4 poisoned darts (quivered)
 e - a curare-tipped dart
 l - 2 atropa-tipped darts
 x - 2 boomerangs
Armour
 c - a +0 cloak (worn)
 f - a +0 leather armour (worn)
 u - a +2 pair of gloves (worn)
 w - a +0 pair of boots (worn)
Magical Staves
 y - a staff of poison
Jewellery
 g - a ring of see invisible (left hand)
 s - an amulet of faith
 A - a ring of ice
Wands
 q - a wand of digging (5)
Scrolls
 h - 3 scrolls of teleportation
 o - a scroll of enchant weapon {unknown}
 v - a scroll of enchant armour {unknown}
 z - a scroll of brand weapon {unknown}
Potions
 i - a potion of might
 k - 2 potions of haste
 m - 5 potions of curing {@q1}
 p - a potion of lignification
 r - 2 potions of berserk rage


   Skills:
 - Level 6.0 Fighting
 - Level 5.1 Short Blades
 - Level 4.0 Throwing
 - Level 0.7 Dodging
 - Level 8.0 Stealth
 + Level 3.1 Translocations


You had 7 spell levels left.
You didn't know any spells.
Your spell library contained the following spells:

 Spells                   Type           Power      Damage    Failure   Level
 Apportation              Tloc           12%        N/A       13%         1
 Gell's Gravitas          Tloc           6%         N/A       36%         3
 Lesser Beckoning         Tloc           6%         N/A       36%         3
 Teleport Other           Tloc           6%         N/A       36%         3
 Magic Dart               Conj           0%         1d3       41%         1
 Call Imp                 Summ           0%         N/A       56%         2
 Inner Flame              Hex/Fire       0%         N/A       80%         3
 Mephitic Cloud           Conj/Pois/Air  0%         N/A       80%         3
 Cause Fear               Hex            0%         N/A       99%         4
 Alistair's Intoxication  Tmut/Pois      0%         N/A       100%        5
 Discord                  Hex            0%         N/A       100%        8


Dungeon Overview and Level Annotations

Branches:
Dungeon (6/15)
 Temple: D:4-7

Altars:
Makhleb
Trog
Wu Jian
Xom


Innate Abilities, Weirdness & Mutations

You have razor-sharp teeth.
Your natural rate of healing is unusually fast.
When hurt, damage is shared between your health and your magic reserves.
Your bite disrupts and absorbs the magic of your enemies.
Potions cannot restore your health.


Message History

You now have 258 gold pieces (gained 7).
A komodo dragon comes into view.
Press: ? - help, v - describe, . - travel
Here: a komodo dragon (asleep)
The floor.
Your target is gone.
Your target is gone.
You throw a poisoned dart.
The poisoned dart hits the komodo dragon.
The komodo dragon hisses angrily.
You throw a poisoned dart.
The poisoned dart barely misses the komodo dragon.
You throw a poisoned dart.
The poisoned dart hits the komodo dragon.
You throw a poisoned dart.
The poisoned dart hits the komodo dragon.
The komodo dragon is poisoned.
You throw a poisoned dart.
The poisoned dart hits the komodo dragon!
The komodo dragon looks even sicker.
The komodo dragon is lightly wounded.
You throw a poisoned dart.
The poisoned dart hits the komodo dragon!
The komodo dragon looks as sick as possible!
The komodo dragon is lightly wounded.
You hear the slow rusting of a distant drain.
You throw a poisoned dart.
The poisoned dart hits the komodo dragon.
The komodo dragon looks as sick as possible!
The komodo dragon is moderately wounded.
You hit the komodo dragon but do no damage.
Your bite misses the komodo dragon.
The komodo dragon is heavily wounded.
The komodo dragon bites you!!
The komodo dragon attacks as you move away!
The komodo dragon bites you!
The komodo dragon attacks as you move away!
The komodo dragon bites you!!
Ouch! That really hurt!
You die...

##.###.####.....#.# #.## ##.#
#..<..#.# ##.###.## #.....#.#
##.#.# #.....#.# ##..###
#######.# ##.....##.. ..##.#
##......##.# #.##.#######+###
#.......##.####.##...........(
##......##.#.@l.......(.....(#
#..........###.##############
#......##..# #.#
#.#....##[.###.#
#.#.##........## #
#.......##### #......####
########


You could see a komodo dragon (very poisoned).

Vanquished Creatures
  Sigmund (D:2)
  A water moccasin (D:4)
  Duvessa (D:4)
  A black bear (D:4)
  2 sky beasts
  2 ogres
  A kobold brigand (D:4)
  Blork the orc (D:4)
  A necrophage (D:4)
  2 scorpions
  Dowan (D:4)
  A hound (D:4)
  2 orc priests (D:5)
  An iguana (D:6)
  Natasha (thrice) (D:4)
  3 orc wizards
  Robin (D:2)
  2 adders
  3 ufetubi
  3 worms
  A dart slug (D:1)
  15 orcs
  6 bats
  11 endoplasms
  3 giant cockroaches
  13 goblins
  8 hobgoblins
  8 kobolds
  2 quokkas
  8 ball pythons
  7 frilled lizards
  7 rats
122 creatures vanquished.

Vanquished Creatures (others)
  2 fungi (D:6)
2 creatures vanquished.

Grand Total: 124 creatures vanquished

Notes
Turn   | Place    | Note
-------+----------+-------------------------------------------
     0 | D:1      | 1player the Vine Stalker Brigand began the quest for the
                  | Orb.
     0 | D:1      | Reached XP level 1. HP: 11/11 MP: 2/2
    80 | D:1      | Reached XP level 2. HP: 15/16 MP: 3/3
   318 | D:1      | You fall into a shaft and drop 1 floor!
   511 | D:1      | Reached XP level 3. HP: 20/20 MP: 4/4
  1259 | D:2      | Noticed Sigmund
  1382 | D:2      | Noticed Robin
  1424 | D:2      | Gained mutation: Your natural rate of healing is unusually
                  | fast. [Vine Stalker growth]
  1424 | D:2      | Reached XP level 4. HP: 24/25 MP: 5/5
  1573 | D:2      | Killed Robin
  1764 | D:2      | Killed Sigmund
  1765 | D:2      | Reached skill level 5 in Stealth
  1765 | D:2      | Reached XP level 5. HP: 29/29 MP: 6/6
  1765 | D:2      | Reached XP level 6. HP: 33/33 MP: 7/7
  2063 | D:3      | Found a faded altar of an unknown god.
  2067 | D:3      | Found an ornate altar of the Wu Jian Council.
  2255 | D:3      | Found a burning altar of Makhleb.
  2404 | D:3      | Found a faded altar of an unknown god.
  2957 | D:4      | Noticed a sky beast
  3226 | D:4      | Noticed Duvessa
  3255 | D:4      | Noticed Dowan
  3266 | D:4      | Killed Duvessa
  3267 | D:4      | Reached skill level 6 in Stealth
  3267 | D:4      | Reached XP level 7. HP: 26/37 MP: 8/8
  3281 | D:4      | Killed Dowan
  3406 | D:4      | Noticed Natasha
  3421 | D:4      | Killed Natasha
  3462 | D:4      | Noticed Blork the orc
  3474 | D:4      | Killed Blork the orc
  3475 | D:4      | Reached skill level 7 in Stealth
  3627 | D:4      | Noticed Natasha
  3648 | D:4      | Killed Natasha
  3649 | D:4      | Reached skill level 5 in Short Blades
  3768 | D:4      | Noticed Natasha
  3782 | D:4      | Killed Natasha
  3947 | D:3      | Became a worshipper of the Wu Jian Council
  3964 | D:5      | Entered Level 5 of the Dungeon
  4076 | D:4      | Gained mutation: You have razor-sharp teeth. [Vine Stalker
                  | growth]
  4076 | D:4      | Reached XP level 8. HP: 26/42 MP: 2/9
  4079 | D:4      | Reached skill level 5 in Fighting
  4356 | D:5      | Reached skill level 8 in Stealth
  4584 | D:5      | Found a shimmering altar of Xom.
  4584 | D:5      | Found a bloodstained altar of Trog.
  4796 | D:6      | Reached skill level 1 in Translocations
  4803 | D:6      | Reached * piety under Wu Jian
  4878 | D:6      | Noticed a komodo dragon
  4899 | D:6      | Mangled by a komodo dragon

Illustrated notes

Levels and vault maps discovered:
D:1:      minmay_arrival_wavy_path, layout_basic
D:2:      layout_loops_ring, minivault_5, kennysheep_doodads, chequers_garden,
          uniq_robin, uniq_sigmund
D:3:      layout_basic, mainiacjoe_overflow_tiny_flanked,
          nicolae_overflow_ecumenical_swirl, shapermc_ecumenical_altar_rom_forum
D:4:      layout_basic, grunt_decor_cap, uniq_duvessa, uniq_blork_the_orc,
          uniq_natasha
D:5:      layout_basic, gammafunk_temple_overflow_wave
D:6:      layout_loops_cross, temple_doors_e, portal_sewer_entry_d,
          minmay_misc_feat_four_crosses, minmay_door_square,
          uniq_crazy_yiuf_cottage, uniq_edmund, uniq_prince_ribbit1

Skill      XL: |  1  2  3  4  5  6  7  8 |
---------------+-------------------------+-----
Fighting       | 2 3 4 6 |  6.0
Throwing       | 3 4 |  4.0
Stealth        | 5 6 7 8 |  8.0
Short Blades   | 3 4 5 |  5.1
Translocations | 3 |  3.1
Dodging        | |  0.7

Action                   |  1- 3 |  4- 6 |  7- 9 || total
-------------------------+-------+-------+-------++-------
Melee: Dagger            |    75 |   129 |   187 ||   391
       Bite              |    12 |    47 |    59 ||   118
       Punch             |     1 |     1 |     4 ||     6
       Unarmed           |       |       |     2 ||     2
Throw: Dart              |     5 |    11 |    48 ||    64
       Boomerang         |       |       |     1 ||     1
Invok: Lunge             |       |       |     5 ||     5
       Whirlwind         |       |       |     3 ||     3
  Use: Scroll            |       |     4 |     2 ||     6
       Potion            |       |       |     3 ||     3
 Stab: Sleeping          |    17 |     7 |     3 ||    27
       Distracted        |       |     1 |       ||     1
Armor: Robe              |    13 |       |       ||    13
       Leather armour    |     6 |    22 |    71 ||    99
Dodge: Dodged            |    36 |    46 |   127 ||   209
